 Dungeon Crawl Stone Soup version 0.28-a0-1545-g945cd3f27e (webtiles) character file.

Game seed: 14566712258086029476

219 BritishOli the Ducker (level 5, -9/41 HPs)
             Began as a Demonspawn Gladiator on Jan 18, 2022.
             Killed by divine providence
             ... invoked by an orc priest
              (15 damage)
             ... on level 3 of the Dungeon.
             The game lasted 00:01:41 (2608 turns).

BritishOli the Ducker (Demonspawn Gladiator)        Turns: 2608, Time: 00:01:42

Health: -9/41      AC:  6    Str: 16    XL:     5   Next: 64%
Magic:  5/5        EV: 13    Int: 10    God:
Gold:   44         SH:  0    Dex: 14    Spells: 4/4 levels left

rFire   . . .      SeeInvis .   a - +0 war axe
rCold   . . .      Faith    .   (no shield)
rNeg    . . .      Spirit   .   b - +0 leather armour
rPois   .          Reflect  .   c - +0 helmet
rElec   .          Harm     .   (no cloak)
rCorr   .          Rampage  .   (no gloves)
Will    .....                   (no boots)
Stlth   +.........              (no amulet)
HPRegen 0.13/turn               (no ring)
MPRegen 0.09/turn               (no ring)

@: no status effects
A: molten scales 1, demonic touch 2
a: no special abilities


You were on level 3 of the Dungeon.
You visited 1 branch of the dungeon, and saw 3 of its levels.

You collected 44 gold pieces.

Inventory:

Hand Weapons
 a - a +0 war axe (weapon)
Missiles
 d - 3 throwing nets (quivered)
Armour
 b - a +0 leather armour (worn)
 c - a +0 helmet (worn)
Jewellery
 e - a ring of wizardry
Wands
 k - a wand of polymorph (4)
Scrolls
 f - 3 scrolls of identify {unknown}
 i - 2 scrolls of enchant weapon {unknown}
Potions
 g - 2 potions of mutation {unknown}
 h - a potion of berserk rage {unknown}
 j - a potion of flight {unknown}
 l - a potion of degeneration {unknown}
 m - a potion of lignification {unknown}


   Skills:
 + Level 3.3 Fighting
 + Level 3.7 Axes
 + Level 3.1 Throwing
 + Level 3.7 Dodging


You had 4 spell levels left.
You didn't know any spells.
Your spell library contained the following spells:

 Spells                   Type           Power      Damage    Failure   Level
 Summon Guardian Golem    Hex/Summ       0%         N/A       80%         3
 Orb of Destruction       Conj           0%         9d5       100%        7
 Spellforged Servitor     Conj/Summ      0%         N/A       100%        7


Dungeon Overview and Level Annotations

Branches:
Dungeon (3/15)

Altars:
Dithmenos

Shops:
D:2 *=!


Innate Abilities, Weirdness & Mutations

You are partially covered in molten scales. (AC +2)
Your touch may inflict irresistible damage on your foes.


Message History

The orc misses you.
Unknown command.
You hit the orc but do no damage.
The orc is heavily wounded.
You hit the orc but do no damage. The orc barely misses you.
The orc priest calls down the wrath of Beogh upon you.
Beogh smites you! The orc hits you but does no damage.
The orc closely misses you.
You hear a shout!
You are too injured to fight recklessly!
Unknown command.
You are too injured to fight recklessly!
Unknown command.
You are too injured to fight recklessly!
Unknown command.
You are too injured to fight recklessly!
You hit the orc.
You touch the orc.
You kill the orc!
You completely miss the orc. You barely miss the orc.
The orc priest calls down the wrath of Beogh upon you.
Beogh smites you!
* * * LOW HITPOINT WARNING * * *
The orc hits you but does no damage. The orc closely misses you.
You barely miss the orc.
You touch the orc.
You kill the orc!
You slash the orc!
You kill the orc!
The orc shouts!
Items here: )) ††.
You hit the orc. Your touch misses the orc. Your punch misses the orc.
The orc is heavily wounded.
The orc hits you with a +0 dagger.
* * * LOW HITPOINT WARNING * * *
A goblin comes into view. It is wielding a +1 dagger of flaming.
You completely miss the orc. Your touch misses the orc.
The orc is heavily wounded.
The orc barely misses you.
The orc priest mumbles some strange prayers to Beogh against you.
Beogh smites you!
You die...

#..##..#...
#..##..#.#
#..##....#
###..##).#.###.
#######
#..†...........
.....<#
#.##.##..###.#
#####.###.##.##..###
#..............#
#####.##.##.@#.#
#.##...))o..$...
#.#####.##o###.# #.#
#.# ..# .#. ... ..#
# # ###. $.g. . .#.#
#. ##.#


You could see an orc priest, an orc and a goblin.

Vanquished Creatures
  Natasha (thrice) (D:2)
  8 adders
  A worm (D:2)
  2 dart slugs
  6 orcs (D:3)
  4 endoplasms
  4 giant cockroaches
  8 goblins
  3 hobgoblins
  A quokka (D:3)
  8 ball pythons
  5 bats
  4 frilled lizards
  3 kobolds (D:1)
  6 rats
66 creatures vanquished.

Notes
Turn   | Place    | Note
-------+----------+-------------------------------------------
     0 | D:1      | BritishOli the Demonspawn Gladiator began the quest for the
                  | Orb.
     0 | D:1      | Reached XP level 1. HP: 16/16 MP: 1/1
   272 | D:1      | Gained mutation: Your touch may inflict minor irresistible
                  | damage on your foes. [demonic ancestry]
   272 | D:1      | Reached XP level 2. HP: 22/22 MP: 2/2
   703 | D:1      | Gained mutation: You are partially covered in molten
                  | scales. (AC +2) [demonic ancestry]
   703 | D:1      | Reached XP level 3. HP: 28/28 MP: 3/3
   953 | D:2      | Found Quem's Assorted Antiques.
  1196 | D:2      | Found a shadowy altar of Dithmenos.
  1206 | D:2      | Noticed Natasha
  1215 | D:2      | Killed Natasha
  1216 | D:2      | Gained mutation: Your touch may inflict irresistible damage
                  | on your foes. [demonic ancestry]
  1216 | D:2      | Reached XP level 4. HP: 5/34 MP: 4/4
  1484 | D:2      | Found Olozxu's Jewellery Shoppe.
  1485 | D:2      | Found Eqam's Distillery.
  1666 | D:2      | Noticed Natasha
  1672 | D:2      | Killed Natasha
  1682 | D:2      | Reached XP level 5. HP: 26/41 MP: 5/5
  1855 | D:2      | Noticed Natasha
  1876 | D:2      | Killed Natasha
  2608 | D:3      | Killed from afar by an orc priest

Illustrated notes

Levels and vault maps discovered:
D:1:      eino_arrival_cavern_c, layout_basic
D:2:      layout_basic, basic_altar, serial_shops, shop,
          nicolae_shop_statue_plus, nicolae_diamond_shop, minmay_snake_closets,
          uniq_natasha
D:3:      layout_loops_ring, chequers_ecumenical_altar_simple,
          cheibrodos_sewer_entry_sluice, chequers_serial_rivers_room_a,
          chequers_serial_rivers_room_a

Skill      XL: |  1  2  3  4  5 |
---------------+----------------+-----
Throwing       | 2 3 |  3.1
Axes           | 3 |  3.7
Dodging        | 3 |  3.7
Fighting       | 3 |  3.3

Action                   |  1- 3 |  4- 6 || total
-------------------------+-------+-------++-------
Melee: War axe           |    80 |    81 ||   161
       Touch             |    10 |    15 ||    25
       Unarmed           |       |    13 ||    13
       Punch             |       |     1 ||     1
Armor: Leather armour    |    29 |    34 ||    63
Dodge: Dodged            |    54 |    87 ||   141

Table legend: (Time is in decaauts)
 A = Elapsed time spent in this place.
 B = Non-inter-level travel time spent in this place.
 C = Inter-level travel time spent in this place.
 D = Time resting spent in this place.
 E = Time spent auto-exploring this place.
 F = Levels seen in this place.
 G = Mean time per level.
                   A        B        C        D        E       F      G
               +--------+--------+--------+--------+--------+-----+--------+
         Total |   2670 |   2628 |     42 |    631 |   1573 |   3 |  890.0 |
       Dungeon |   2670 |   2628 |     42 |    631 |   1573 |   3 |  890.0 |
               +--------+--------+--------+--------+--------+-----+--------+

Top non-repeatable levels by time:
     D:2: 1670 daAuts
     D:1: 917 daAuts
     D:3: 82 daAuts
